 Dungeon Crawl Stone Soup version 0.25-a0-21-ga5a8db46c7 (webtiles) character file.

Game seed: 8933794115229212499, levelgen mode: deterministic

5116 MalarOregon the Fighter (level 10, -4/91 HPs)
             Began as a Black Draconian Conjurer on Oct 16, 2019.
             Was an Initiate of Gozag.
             Slain by a two-headed ogre
             ... wielding a +0 giant spiked club
              (23 damage)
             ... on level 10 of the Dungeon.
             The game lasted 00:22:04 (10548 turns).

MalarOregon the Fighter (Black Draconian Conjurer) Turns: 10548, Time: 00:22:05

Health: -4/91      AC: 10    Str: 11    XL:     10   Next: 32%
Magic:  13/13      EV: 16    Int: 18    God:    Gozag
Gold:   738        SH:  7    Dex: 12    Spells: 12/13 levels left

rFire    . . .     SeeInvis .   B - +1 mace (drain)
rCold    . . .     Gourm    .   a - +0 buckler
rNeg     . . .     Faith    .   (armour unavailable)
rPois    +         Spirit   .   (helmet restricted)
rElec    +         Reflect  +   (no cloak)
rCorr    .         Harm     .   (no gloves)
MR       .....                  m - +2 pair of boots
Stlth    ++........             i - +2 amulet of reflection
HPRegen  0.25/turn              l - ring of poison resistance
MPRegen  0.13/turn              (no ring)

@: no status effects
A: breathe lightning, unfitting armour, electricity resistance, cold-blooded, AC
+7
a: Breathe Lightning, Potion Petition, Call Merchant, Bribe Branch, Renounce
Religion


You were on level 10 of the Dungeon.
You worshipped Gozag.
Gozag was pleased with you.
You were near starving.

You visited 2 branches of the dungeon, and saw 11 of its levels.

You collected 1020 gold pieces.
You spent 175 gold pieces at shops.
You paid 107 gold pieces to Gozag.

Inventory:

Hand Weapons
 r - a +0 flail of crushing
   (You took it off Edmund on level 4 of the Dungeon)
 B - a +1 mace of draining (weapon)
   (You took it off Blork the orc on level 4 of the Dungeon)
Missiles
 s - 55 poisoned darts (quivered)
 O - 2 throwing nets {!f}
Armour
 a - a +0 buckler (worn)
   (You found it on level 1 of the Dungeon)
 m - a +2 pair of boots (worn)
   (You found it on level 1 of the Dungeon)
 p - a +0 shield
   (You found it on level 2 of the Dungeon)
Jewellery
 i - a +2 amulet of reflection (around neck)
   (You found it on level 1 of the Dungeon)
 l - a ring of poison resistance (left hand)
   (You found it on level 1 of the Dungeon)
Wands
 c - a wand of disintegration (11)
   (You found it on level 9 of the Dungeon)
 d - a wand of iceblast (17)
   (You took it off Ijyb on level 4 of the Dungeon)
 o - a wand of enslavement (4)
   (You found it on level 2 of the Dungeon)
 t - a wand of flame (10)
   (You bought it in a shop on level 8 of the Dungeon)
 u - a wand of paralysis (4)
   (You found it on level 7 of the Dungeon)
 v - a wand of digging (7)
   (You found it on level 2 of the Dungeon)
 L - a wand of polymorph (6)
   (You found it on level 8 of the Dungeon)
Scrolls
 b - 2 scrolls of immolation {!r}
 f - 2 scrolls of summoning {unknown}
 n - 5 scrolls of remove curse {@r2}
 w - 3 scrolls of teleportation {@r4}
 y - 3 scrolls of blinking
 D - a scroll of amnesia {unknown}
 E - 2 scrolls of enchant weapon {unknown}
 F - a scroll of enchant armour
 I - a scroll of noise {unknown}
 N - a scroll of fear {unknown}
Potions
 g - 3 potions of curing {unknown}
 h - 4 potions of brilliance {unknown}
 j - 2 potions of berserk rage
 k - 2 potions of heal wounds {unknown}
 q - 2 potions of resistance {unknown}
 x - a potion of agility {unknown}
 z - 2 potions of might
 A - 3 potions of flight {unknown}
 C - 9 potions of lignification {!q}
 G - a potion of haste {unknown}
 H - a potion of cancellation {unknown}
 J - a potion of mutation {unknown}
 K - 2 potions of magic {unknown}
 M - 2 potions of degeneration {unknown}
Comestibles
 e - 12 rations {!d}


   Skills:
 * Level 9.4 Fighting
 + Level 5.0 Maces & Flails
 + Level 2.8 Throwing
 * Level 8.2 Dodging
 - Level 1.7 Stealth
 + Level 6.6 Shields
 - Level 2.0 Spellcasting
 - Level 4.0 Conjurations


You had 12 spell levels left.
You knew the following spells:

 Your Spells              Type           Power        Failure   Level  Hunger
a - Magic Dart            Conj           ###.         3%          1    #......

Your spell library contained the following spells:

 Spells                   Type           Power        Failure   Level  Hunger
 Searing Ray              Conj           ###...       5%          2    ###....
 Throw Frost              Conj/Ice       #.....       12%         2    ###....
 Freeze                   Ice            #...         19%         1    #......
 Dazzling Spray           Conj/Hex       #.....       24%         3    ###....
 Iskenderun's Mystic Bla  Conj           ###.....     34%         4    #####..
 Ozocubu's Armour         Chrm/Ice       #.......     47%         3    ###....
 Force Lance              Conj/Tloc      #.......     61%         4    #####..
 Fulminant Prism          Conj/Hex       #.........   61%         4    #####..
 Throw Icicle             Conj/Ice       #.......     61%         4    #####..
 Summon Ice Beast         Ice/Summ       #.......     87%         4    #####..
 Iskenderun's Battlesphe  Conj/Chrm      #.......     91%         5    ######.
 Venom Bolt               Conj/Pois      #.........   91%         5    ######.
 Bolt of Magma            Conj/Fire/Erth #.........   96%         5    ######.
 Iron Shot                Conj/Erth      #.........   100%        6    #######
 Orb of Destruction       Conj           ###.......   100%        7    #######
 Spellforged Servitor     Conj/Summ      #.........   100%        7    #######


Dungeon Overview and Level Annotations

Branches:
Dungeon (10/15)            Temple (1/1) D:7            Lair (0/6) D:9
    Orc: D:9-12

Altars:
Ashenzari
Cheibriados
Dithmenos
Elyvilon
Fedhas
Gozag
Hepliaklqana
Kikubaaqudgha
Makhleb
Nemelex Xobeh
Okawaru
Qazlal
Ru
Sif Muna
Trog
Uskayaw
Vehumet
Wu Jian
Xom
Yredelemnul
Zin
The Shining One

Shops:
D:6 (   D:8 *

Annotations:
D:3 1 runed translucent door, Crazy Yiuf


Innate Abilities, Weirdness & Mutations

You can breathe wild blasts of lightning.
Your glossy black scales are hard. (AC +7)
You cannot fit into any form of body armour.
You are resistant to electric shocks. (rElec)
You are cold-blooded and may be slowed by cold attacks.


Message History

Found a scroll of immolation.
n - 5 scrolls of remove curse {@r2} (gained 1)
b - 2 scrolls of immolation {!r} (gained 1)
You are near starving!
A two-headed ogre comes into view.
It is wielding a +0 giant spiked club and a +0 giant club.
A two-headed ogre is nearby!
A two-headed ogre is nearby!
Unknown command.
Throwing (i - inventory. (/) - cycle)
s - 57 poisoned darts (quivered)
Aim: a two-headed ogre, wielding a +0 giant spiked club and a +0 giant club You throw a poisoned dart.
The poisoned dart barely misses the two-headed ogre.
Throwing (i - inventory. (/) - cycle)
s - 56 poisoned darts (quivered)
Aim: a two-headed ogre, wielding a +0 giant spiked club and a +0 giant club You throw a poisoned dart.
The poisoned dart hits the two-headed ogre.
The two-headed ogre is poisoned.
You hit the two-headed ogre but do no damage.
You drain the two-headed ogre. You tail-slap the two-headed ogre.
The two-headed ogre hits you but does no damage.
The two-headed ogre closely misses you.
You barely miss the two-headed ogre.
The two-headed ogre hits you but does no damage.
The two-headed ogre hits you with a +0 giant club!
You hit the two-headed ogre. The two-headed ogre barely misses you.
The two-headed ogre completely misses you.
You hit the two-headed ogre. You drain the two-headed ogre.
You tail-slap the two-headed ogre.
The two-headed ogre hits you with a +0 giant spiked club!
You block the two-headed ogre's attack.
You sock the two-headed ogre! You tail-slap the two-headed ogre.
The two-headed ogre misses you.
The two-headed ogre hits you with a +0 giant club!
You hit the two-headed ogre but do no damage.
You drain the two-headed ogre.
The two-headed ogre looks more healthy.
You block the two-headed ogre's attack.
The two-headed ogre hits you with a +0 giant club!
* * * LOW HITPOINT WARNING * * *
You hit the two-headed ogre.
The two-headed ogre hits you with a +0 giant spiked club!
* * * LOW HITPOINT WARNING * * *
The two-headed ogre hits you with a +0 giant club!
* * * LOW HITPOINT WARNING * * *
You completely miss the two-headed ogre.
You tail-slap the two-headed ogre.
Okay, then.
The two-headed ogre misses you.
The two-headed ogre hits you with a +0 giant club!!
You die...
Your body crumbles into a pile of gold.

#. #...# #..# #$
#...# #..# #...#
#..# #...# #..#
#...# #..# #...#
#..# #...# #..#
#...###..#
#.####....@O..#
#.............#
#.............####.
#........##.........
$
#.####...##..####...
# #...##..# .
#...##..# #...##..#
#...##..#


You could see a two-headed ogre.

Vanquished Creatures
  Joseph (D:8)
  Sigmund (D:4)
  Duvessa (D:7)
  Edmund (D:4)
  2 water moccasins
  3 orc warriors
  5 ice beasts
  2 sky beasts
  An eye of draining (D:9)
  2 phantoms
  5 ogres
  6 centaurs
  A crocodile (D:7)
  A bullfrog (D:7)
  A big kobold (D:8)
  Blork the orc (D:4)
  Dowan (D:7)
  3 scorpions
  A wyvern skeleton (D:9)
  7 wights
  A howler monkey (D:10)
  5 crimson imps
  5 hounds
  A jelly (D:9)
  A gnoll shaman (D:5)
  2 orc priests
  3 iguanas
  A bullfrog skeleton (D:6)
  5 orc wizards
  Ijyb (D:4)
  7 worker ants
  A hound skeleton (D:3)
  Robin (D:4)
  A howler monkey zombie (D:5)
  A worker ant zombie (D:9)
  11 gnolls
  13 adders
  An ooze (D:2)
  An adder zombie (D:8)
  An adder skeleton (D:6)
  3 worms
  5 leopard geckos
  26 orcs
  3 giant cockroaches
  8 goblins
  15 hobgoblins
  2 jackals (D:1)
  15 kobolds
  3 quokkas
  4 ball pythons
  15 bats
  5 frilled lizards
  11 rats
224 creatures vanquished.

Vanquished Creatures (others)
  A worker ant (D:6)
1 creature vanquished.

Grand Total: 225 creatures vanquished

Notes
Turn   | Place    | Note
-------+----------+-------------------------------------------
     0 | D:1      | MalarOregon the Draconian Conjurer began the quest for the
                  | Orb.
     0 | D:1      | Reached XP level 1. HP: 14/14 MP: 3/3
   278 | D:1      | Reached skill level 1 in Fighting
   325 | D:1      | Reached XP level 2. HP: 23/23 MP: 0/5
   882 | D:1      | Reached skill level 1 in Shields
  1188 | D:2      | Reached XP level 3. HP: 29/29 MP: 1/6
  1534 | D:2      | Reached skill level 2 in Fighting
  1837 | D:2      | HP: 1/29 [iguana (5)]
  2610 | D:3      | Reached XP level 4. HP: 34/36 MP: 1/7
  3082 | D:3      | Found a faded altar of an unknown god.
  3137 | D:3      | Reached XP level 5. HP: 21/44 MP: 0/8
  3150 | D:3      | Reached skill level 3 in Fighting
  3942 | D:3      | Found a runed translucent door.
  3943 | D:3      | Noticed Crazy Yiuf
  4353 | D:4      | Noticed an ogre
  4373 | D:4      | Killed an ogre
  4373 | D:4      | Reached XP level 6. HP: 46/52 MP: 1/9
  4531 | D:4      | Reached skill level 4 in Fighting
  4713 | D:4      | Noticed Robin
  4792 | D:4      | Killed Robin
  5046 | D:4      | Noticed Edmund
  5062 | D:4      | Killed Edmund
  5062 | D:4      | Your scales start taking on a glossy black colour.
  5062 | D:4      | Reached XP level 7. HP: 33/60 MP: 0/10
  5062 | D:4      | Gained mutation: You are resistant to electric shocks.
                  | (rElec) [Black Draconian growth]
  5367 | D:4      | Reached skill level 5 in Fighting
  5443 | D:4      | Noticed Blork the orc
  5449 | D:4      | Killed Blork the orc
  5681 | D:4      | Reached skill level 1 in Maces & Flails
  5734 | D:4      | Noticed Sigmund
  5744 | D:4      | Killed Sigmund
  5744 | D:4      | Reached skill level 5 in Dodging
  5763 | D:4      | Noticed Ijyb
  5771 | D:4      | Killed Ijyb
  5990 | D:4      | Reached XP level 8. HP: 70/70 MP: 11/11
  6387 | D:5      | Entered Level 5 of the Dungeon
  6449 | D:5      | Reached skill level 6 in Fighting
  7216 | D:6      | Reached skill level 5 in Shields
  7532 | D:6      | Found a sacrificial altar of Ru.
  7562 | D:6      | Reached skill level 7 in Fighting
  7706 | D:6      | Reached XP level 9. HP: 49/79 MP: 12/12
  7819 | D:6      | Found Nistihob's Weapon Shoppe.
  8168 | D:7      | Found a staircase to the Ecumenical Temple.
  8195 | Temple   | Entered the Ecumenical Temple
  8282 | Temple   | Became a worshipper of Gozag Ym Sagoz the Greedy
  8338 | D:7      | Reached skill level 8 in Fighting
  8715 | D:7      | Noticed Dowan
  8717 | D:7      | Noticed Duvessa
  8742 | D:7      | Killed Duvessa
  8744 | D:7      | Killed Dowan
  8744 | D:7      | Reached skill level 1 in Throwing
  8920 | D:8      | Noticed Joseph
  8943 | D:8      | Killed Joseph
  9136 | D:8      | Found Inihaz's Assorted Antiques.
  9145 | D:8      | Bought a puce potion for 20 gold pieces
  9145 | D:8      | Bought a scroll labeled TUEQOA EPEAMP for 23 gold pieces
  9145 | D:8      | Bought a lead wand for 92 gold pieces
  9145 | D:8      | Bought an emerald potion for 20 gold pieces
  9145 | D:8      | Bought an amethyst potion for 20 gold pieces
  9199 | D:8      | Reached XP level 10. HP: 87/90 MP: 13/13
  9230 | D:8      | Reached skill level 9 in Fighting
  9715 | D:9      | Found a staircase to the Lair.
 10271 | D:9      | Reached skill level 5 in Maces & Flails
 10473 | D:10     | Entered Level 10 of the Dungeon
 10527 | D:10     | Noticed a two-headed ogre
 10548 | D:10     | Slain by a two-headed ogre

Levels and vault maps discovered:
D:1:      evilmike_arrival_run_for_it, layout_rooms,
          chequers_serial_rivers_micro_b
D:2:      layout_loops_cross
D:3:      layout_loops_cross, chequers_ecumenical_altar_simple, first_ration,
          uniq_crazy_yiuf_cottage
D:4:      layout_basic, uniq_blork_the_orc, uniq_robin, uniq_ijyb, uniq_edmund,
          uniq_sigmund
D:5:      layout_basic
D:6:      layout_rooms, old_standard_altar, serial_shops, kennysheep_mini_moat,
          lemuel_old_faithful
D:7:      layout_cave_pods, minmay_temple_entry_mini_moons,
          kennysheep_generic_room_15, uniq_duvessa
D:8:      layout_basic, serial_shops, shop_fountains, minmay_sticks_and_stones
D:9:      layout_gridville, lair_entry_dummy, nrook_campfire
D:10:     layout_long_grid, hangedman_ranch [blue_anna_fruit_fields], uniq_urug,
          uniq_gastronok, uniq_joseph
Temple:   grunt_wide_crystal_templ

Skill      XL: |  1  2  3  4  5  6  7  8  9 10 |
---------------+-------------------------------+-----
Dodging        | 2 3 4 5 6 7 8 |  8.2
Fighting       | 1 2 3 4 5 7 8 9 |  9.4
Shields        | 1 2 3 4 5 6 |  6.6
Maces & Flails | 1 3 4 5 |  5.0
Throwing       | 2 |  2.8
Stealth        | |  1.7
Spellcasting   | |  2.0
Conjurations   | |  4.0

Action                   |  1- 3 |  4- 6 |  7- 9 | 10-12 || total
-------------------------+-------+-------+-------+-------++-------
Melee: Unarmed           |    23 |       |       |       ||    23
       Tailslap          |     8 |    24 |    50 |    24 ||   106
       Dagger            |    67 |   196 |    19 |       ||   282
       Mace              |       |       |   474 |   153 ||   627
       Flail             |       |       |    87 |    25 ||   112
Throw: Dart              |       |    11 |       |     2 ||    13
 Cast: Magic Dart        |   103 |   127 |    20 |       ||   250
 Abil: Breathe Lightning |       |       |     2 |       ||     2
  Use: Scroll            |     3 |       |       |     5 ||     8
 Stab: Sleeping          |       |     1 |     1 |     2 ||     4
       Distracted        |       |       |     1 |       ||     1
  Eat: Chunk             |     7 |    10 |    12 |       ||    29
       Ration            |       |       |     1 |     1 ||     2
Armor: Skin              |    47 |    42 |   150 |    30 ||   269
Dodge: Dodged            |    82 |   120 |   381 |    74 ||   657
Block: Buckler           |    35 |    68 |   234 |    57 ||   394
       Reflection        |     1 |     3 |     7 |     2 ||    13

Table legend:
 A = Non-vault XP
 B = Vault XP
 C = Vault XP percentage of total XP
 D = Non-vault monster count
 E = Vault monster count
 F = Vault count percentage of total count
                 A         B        C        D         E       F
            +---------+---------+-------+---------+---------+-------
      Total |    6058 |    1251 |  17.1 |     203 |      21 |   9.4
            +---------+---------+-------+---------+---------+-------
        D:1 |      35 |       5 |  12.5 |      26 |       1 |   3.7
        D:2 |      58 |       0 |   0.0 |      23 |       0 |   0.0
        D:3 |     212 |       0 |   0.0 |      25 |       0 |   0.0
        D:4 |     581 |     536 |  48.0 |      17 |      17 |  50.0
        D:5 |     735 |       0 |   0.0 |      18 |       0 |   0.0
        D:6 |     761 |       0 |   0.0 |      20 |       0 |   0.0
        D:7 |     984 |     244 |  19.9 |      18 |       2 |  10.0
        D:8 |    1134 |     466 |  29.1 |      28 |       1 |   3.4
        D:9 |    1507 |       0 |   0.0 |      27 |       0 |   0.0
       D:10 |      51 |       0 |   0.0 |       1 |       0 |   0.0
            +---------+---------+-------+---------+---------+-------
